 Dungeon Crawl Stone Soup version 0.32-a0-350-g4f4d228785 (webtiles) character file.

Game seed: 13004013781615003766

1309 Pyroblast the Covert (level 8, -5/39 HPs)
             Began as a Spriggan Enchanter on Feb 17, 2024.
             Slain by a manticore (11 damage)
             ... on level 6 of the Dungeon.
             The game lasted 00:08:22 (5045 turns).

Pyroblast the Covert (Spriggan Enchanter)           Turns: 5045, Time: 00:08:23

Health: -5/39      AC:  4    Str:  4    XL:     8   Next: 32%
Magic:  9/15       EV: 24    Int: 24    God:
Gold:   217        SH:  0    Dex: 16    Spells: 10/15 levels left

rFire   + . .        a - +1 dagger
rCold   + . .        (no shield)
rNeg    . . .        s - +2 robe {rC+ rF+}
rPois   .            (helmet restricted)
rElec   .            (no cloak)
rCorr   .            (gloves unavailable)
SInv    +            (boots unavailable)
Will    +....        l - amulet of magic regeneration
Stlth   ++++         e - +5 ring of evasion
HPRegen 0.26/turn    w - +6 ring of intelligence
MPRegen 0.54/turn

%: no passive effects
@: confusing by touch, very quick
A: very small, no large weapons, unfitting armour, see invisible, speed 3
a: no special abilities


You were on level 6 of the Dungeon.
You visited 1 branch of the dungeon, and saw 6 of its levels.

You collected 217 gold pieces.

Inventory:

Hand Weapons
 a - a +1 dagger (weapon)
 j - a +2 heavy hand cannon
Missiles
 z - a throwing net
Armour
 s - a +2 robe of resistance (worn)
Jewellery
 b - a +6 ring of strength
 e - a +5 ring of evasion (left hand)
 l - an amulet of magic regeneration (around neck)
 w - a +6 ring of intelligence (right hand)
 y - a ring of protection from cold
Wands
 r - a wand of mindburst (14)
 A - a wand of polymorph (5)
 C - a wand of charming (4)
Scrolls
 g - 12 scrolls of identify {unknown}
 i - 2 scrolls of amnesia {unknown}
 k - 4 scrolls of fear {unknown}
 m - a scroll of vulnerability {unknown}
 n - a scroll of noise {unknown}
 t - 2 scrolls of blinking {unknown}
 u - a scroll of silence {unknown}
 v - a scroll of revelation {unknown}
 B - a scroll of teleportation {unknown}
Potions
 c - 3 potions of invisibility
 d - 2 potions of haste {unknown}
 f - 2 potions of mutation {unknown}
 h - 2 potions of attraction {unknown}
 o - 3 potions of curing {unknown}
 p - a potion of resistance {unknown}
 q - a potion of degeneration {unknown}
 x - a potion of enlightenment {unknown}


   Skills:
 + Level 2.5 Fighting
 - Level 5.0 Short Blades
 + Level 5.1 Dodging
 - Level 8.0 Stealth
 - Level 4.0 Spellcasting
 - Level 8.0 Hexes


You had 10 spell levels left.
You knew the following spells:

 Your Spells              Type           Power      Damage    Failure   Level
c - Confusing Touch       Hex            43%        N/A       1%          3
e - Ensorcelled Hibernat  Hex/Ice        48%        N/A       2%          2

Your spell library contained the following spells:

 Spells                   Type           Power      Damage    Failure   Level
 Tukima's Dance           Hex            43%        N/A       1%          3
 Dazzling Flash           Conj/Hex       48%        N/A       5%          3
 Scorch                   Fire           8%         2d5       14%         2
 Stone Arrow              Conj/Erth      8%         3d7       28%         3
 Animate Armour           Summ/Erth      8%         N/A       67%         4
 Flame Wave               Conj/Fire      4%         2d5       67%         4
 Summon Cactus Giant      Summ           2%         N/A       100%        6
 Malign Gateway           Summ/Tloc      2%         N/A       100%        7
 Lehudib's Crystal Spear  Conj/Erth      2%         10d2      100%        8
 Summon Horrible Things   Summ           2%         N/A       100%        8


Dungeon Overview and Level Annotations

Branches:
Dungeon (6/15)
 Temple: D:4-7

Altars:
Hepliaklqana
Uskayaw
The Shining One

Annotations:
D:3 2 transporters


Innate Abilities, Weirdness & Mutations

You are very small and have problems with some larger weapons.
You are too small for most types of armour.
You have supernaturally acute eyesight. (SInv)
You cover ground extremely quickly. (Speed+++)


Message History

Confirm with . or Enter, or press ? or * to list all spells.
Aiming: Ensorcelled Hibernation (safe; 2% risk of failure)
Press: ? - help, Shift-Dir - straight line, f/p - manticore
Aim: a manticore (chance to affect: 37%)
The manticore resists with some effort.
The manticore closely misses you. The manticore claws you.
The manticore misses you.
Casting: Ensorcelled Hibernation (safe; 2% risk of failure)
Confirm with . or Enter, or press ? or * to list all spells.
Aiming: Ensorcelled Hibernation (safe; 2% risk of failure)
Press: ? - help, Shift-Dir - straight line, f/p - manticore
Aim: a manticore (chance to affect: 37%)
The manticore looks drowsy...
The helpless manticore fails to defend itself.
You skewer the manticore like a kebab!!!
The manticore is severely wounded.
The manticore misses you. The manticore barely misses you.
The manticore completely misses you.
Casting: Ensorcelled Hibernation (safe; 2% risk of failure)
Confirm with . or Enter, or press ? or * to list all spells.
Your hands begin to glow red.
The manticore barely misses you. The manticore claws you. x2
You barely miss the manticore.
The manticore is severely wounded.
Unknown command.
You hit the manticore but do no damage.
The manticore is severely wounded.
The manticore barely misses you. The manticore misses you.
The manticore claws you!
* * * LOW HITPOINT WARNING * * *
Unknown command.
You hit the manticore but do no damage.
The manticore is severely wounded.
The manticore misses you. The manticore completely misses you.
The manticore barely misses you.
Unknown command.
You hit the manticore but do no damage.
The manticore is severely wounded.
You carefully extract the barbed spikes from your body.
The manticore bites you!
You die...

## ##......... ...
##o..##.....## ..
#####o.H....# #..#
#.#.##$.........## #..
#.......#.#.#.#.# #..
#.####..#.#.#.# # #..
#g.#.#.#9# #..
#.####H#.#.#. . ##..
#.....@#############...
#.#.##.........))....#.
# ##..#######.#.###.
#..# #...###. #..#
####...... #..#
#.......#. #>.#
#.#####.#. #..# #.#
#.#. #..### #.# #...


You could see a manticore and a gnoll.

Vanquished Creatures
  Duvessa (D:4)
  2 ogres
  A centaur (D:5)
  Blork the orc (D:5)
  A gnoll sergeant (D:5)
  2 scorpions
  Dowan (D:4)
  A bombardier beetle (D:4)
  2 hounds
  3 orc priests (D:6)
  3 iguanas (D:5)
  3 sleepcaps (D:5)
  Natasha (thrice) (D:2)
  An orc wizard (D:6)
  5 gnolls
  4 adders
  2 white imps
  A ribbon worm (D:3)
  4 dart slugs
  5 orcs
  5 bats
  6 endoplasms
  A giant cockroach (D:3)
  5 goblins
  3 hobgoblins
  6 kobolds
  4 quokkas
  7 ball pythons
  7 frilled lizards
  3 rats
93 creatures vanquished.

Notes
Turn   | Place    | Note
-------+----------+-------------------------------------------
     0 | D:1      | Pyroblast the Spriggan Enchanter began the quest for the
                  | Orb.
     0 | D:1      | Reached XP level 1. HP: 9/9 MP: 5/5
    98 | D:1      | Reached XP level 2. HP: 11/13 MP: 6/6
   101 | D:1      | Learned a level 2 spell: Ensorcelled Hibernation
   130 | D:1      | Reached skill level 5 in Stealth
   782 | D:2      | Noticed Natasha
   793 | D:2      | Reached XP level 3. HP: 16/16 MP: 8/8
   887 | D:2      | Killed Natasha
   985 | D:2      | Noticed Natasha
  1159 | D:2      | Killed Natasha
  1160 | D:2      | Reached XP level 4. HP: 16/21 MP: 6/9
  1221 | D:2      | Learned a level 3 spell: Confusing Touch
  1396 | D:2      | Found a hide-covered altar of Uskayaw.
  1602 | D:2      | Noticed Natasha
  1615 | D:2      | Killed Natasha
  2170 | D:3      | Reached XP level 5. HP: 18/24 MP: 0/10
  2197 | D:3      | Found a transporter.
  2214 | D:3      | Found a transporter.
  3085 | D:4      | Noticed Dowan
  3088 | D:4      | Noticed Duvessa
  3101 | D:4      | Killed Duvessa
  3102 | D:4      | Reached skill level 5 in Short Blades
  3102 | D:4      | Reached XP level 6. HP: 27/28 MP: 2/11
  3126 | D:4      | Killed Dowan
  3302 | D:4      | Found a glowing golden altar of the Shining One.
  3330 | D:4      | HP: 1/28 [ogre/+0 giant spiked club (27)]
  3461 | D:4      | Reached skill level 5 in Hexes
  3735 | D:4      | Found a hazy altar of Hepliaklqana.
  3786 | D:5      | Entered Level 5 of the Dungeon
  3801 | D:5      | Reached XP level 7. HP: 32/32 MP: 12/14
  3944 | D:5      | Noticed Blork the orc
  3950 | D:5      | Killed Blork the orc
  4325 | D:6      | Reached skill level 1 in Fighting
  4325 | D:6      | Reached XP level 8. HP: 31/37 MP: 13/15
  4958 | D:6      | Noticed a manticore
  4961 | D:6      | Noticed a gargoyle
  5008 | D:6      | Reached skill level 5 in Dodging
  5045 | D:6      | Slain by a manticore

Illustrated notes

Levels and vault maps discovered:
D:1:      minmay_arrival_cross, layout_rooms, serial_glass, glass_columns_a,
          glass_columns_a, glass_columns_c, glass_columns_a
D:2:      layout_loops_ring, basic_altar, corexii_hall_statues_deadend,
          hangedman_abyss_or_decor_stabs, grunt_ministairs_15, uniq_natasha
D:3:      gammafunk_wand_slinger, layout_loops_ring, kennysheep_doodads,
          chequers_arboretum, nicolae_titane
D:4:      layout_gridville, marbit_many_paths, mainiacjoe_overflow_boulevard,
          uniq_duvessa
D:5:      layout_rooms, uniq_blork_the_orc
D:6:      layout_loops_ring, lemuel_doored_altar, minmay_statues_item,
          st_stairs_12, minmay_manual_maat, uniq_edmund, uniq_sigmund

Skill      XL: |  1  2  3  4  5  6  7  8 |
---------------+-------------------------+-----
Stealth        | 5 6 7 8 |  8.0
Short Blades   | 2 3 5 |  5.0
Spellcasting   | 3 4 |  4.0
Hexes          | 5 8 |  8.0
Dodging        | 3 5 |  5.1
Fighting       | 1 2 |  2.5

Action                     |  1- 3 |  4- 6 |  7- 9 || total
---------------------------+-------+-------+-------++-------
  Melee: Dagger            |    59 |    92 |    51 ||   202
   Cast: Ensorcelled Hiber |    21 |    45 |    45 ||   111
         Confusing Touch   |       |     4 |     3 ||     7
   Stab: Sleeping          |    11 |    32 |    29 ||    72
         Confused          |       |     3 |     2 ||     5
 Armour: Robe              |    23 |    26 |    34 ||    83
  Dodge: Dodged            |    59 |    98 |    69 ||   226

Table legend: (Time is in decaauts)
 A = Elapsed time spent in this place.
 B = Non-inter-level travel time spent in this place.
 C = Inter-level travel time spent in this place.
 D = Time resting spent in this place.
 E = Time spent auto-exploring this place.
 F = Levels seen in this place.
 G = Mean time per level.
                   A        B        C        D        E       F      G
               +--------+--------+--------+--------+--------+-----+--------+
         Total |   3705 |   3505 |    200 |    670 |   2073 |   6 |  617.5 |
       Dungeon |   3705 |   3505 |    200 |    670 |   2073 |   6 |  617.5 |
               +--------+--------+--------+--------+--------+-----+--------+

Top non-repeatable levels by time:
     D:2: 789 daAuts
     D:1: 717 daAuts
     D:5: 713 daAuts
     D:4: 667 daAuts
     D:3: 540 daAuts
     D:6: 278 daAuts
